 Dungeon Crawl Stone Soup version 0.29.1-2-gbd0b4ee654 (webtiles) character file.

Game seed: 16427869830500766335

9754 cdecastro the Severer (level 11, 0/107 HPs)
             Began as a Hill Orc Fighter on Nov 13, 2022.
             Was an Elder of Makhleb.
             Slain by Urug
             ... wielding a +1 double sword of holy wrath
              (27 damage)
             ... on level 11 of the Dungeon on Nov 14, 2022.
             The game lasted 00:26:45 (14947 turns).

cdecastro the Severer (Hill Orc Fighter)           Turns: 14947, Time: 00:26:45

Health: 0/107      AC: 10    Str: 24    XL:     11   Next: 51%
Magic:  18/18      EV: 10    Int: 13    God:    Makhleb [****..]
Gold:   482        SH:  0    Dex: 13    Spells: 10/10 levels left

rFire   + . .      SeeInvis .   j - +5 trident of Vece {flame, rElec rF+ Int+5 Dex+3}
rCold   . . .      Faith    .   (no shield)
rNeg    . . .      Spirit   .   x - +0 scale mail
rPois   +          Reflect  .   w - +0 helmet
rElec   +          Harm     .   (no cloak)
rCorr   +          Rampage  .   (no gloves)
Will    .....                   M - +1 pair of boots
Stlth   ..........              d - amulet of the acrobat
HPRegen 0.27/turn               p - ring of poison resistance
MPRegen 0.16/turn               r - ring of resist corrosion

@: invisible
A: no striking features
a: Renounce Religion, Minor Destruction, Lesser Servant of Makhleb, Major
Destruction


You were on level 11 of the Dungeon.
You worshipped Makhleb.
Makhleb was greatly pleased with you.
You visited 2 branches of the dungeon, and saw 12 of its levels.

You collected 482 gold pieces.

Inventory:

Hand Weapons
 a - a +1 war axe of chaos
 b - a +1 whip of venom
 j - the +5 trident of Vece (weapon) {flame, rElec rF+ Int+5 Dex+3}
   (You took it off a kobold on level 8 of the Dungeon)

   It burns those it strikes, dealing additional fire damage.
   Int:       It affects your intelligence (+5).
   Dex:       It affects your dexterity (+3).
   rF:        It protects you from fire.
   rElec:     It insulates you from electricity.
Missiles
 e - 72 stones (quivered)
 o - 33 poisoned darts
 E - 10 boomerangs
 I - 3 javelins
Armour
 q - a scarf of harm
 w - a +0 helmet (worn)
 x - a +0 scale mail (worn)
 M - a +1 pair of boots (worn)
Jewellery
 d - an amulet of the acrobat (around neck)
 p - a ring of poison resistance (left hand)
 r - a ring of resist corrosion (right hand)
 F - a ring of flight
Wands
 A - a wand of paralysis (30)
Scrolls
 f - a scroll of magic mapping {unknown}
 g - a scroll of torment {unknown}
 k - 3 scrolls of blinking
 m - 2 scrolls of teleportation
 t - a scroll of silence
 D - 2 scrolls of brand weapon
Potions
 c - a potion of curing
 i - 2 potions of brilliance
 l - 2 potions of magic
 n - 3 potions of heal wounds
 s - 2 potions of berserk rage
 u - a potion of lignification {unknown}
 v - 3 potions of cancellation
 z - 4 potions of haste
 H - a potion of flight
 J - a potion of resistance
 K - a potion of might
 L - a potion of degeneration {unknown}
Miscellaneous
 h - a condenser vane


   Skills:
 + Level 13.1 Fighting
 - Level 15.0 Axes
 - Level 5.0 Armour
 - Level 3.2 Shields
 - Level 10.0 Invocations


You had 10 spell levels left.
You didn't know any spells.
Your spell library contained the following spells:

 Spells                   Type           Power      Damage    Failure   Level
 Beastly Appendage        Tmut           0%         N/A       56%         1
 Wereblood                Tmut           0%         N/A       71%         2
 Spider Form              Tmut/Pois      0%         N/A       91%         3


Dungeon Overview and Level Annotations

Branches:
Dungeon (11/15)            Temple (1/1) D:6            Lair (0/5) D:11
    Orc (0/2) D:10

Altars:
Ashenzari
Cheibriados
Dithmenos
Elyvilon
Fedhas
Gozag
Hepliaklqana
Kikubaaqudgha
Makhleb
Nemelex Xobeh
Okawaru
Qazlal
Ru
Sif Muna
Trog
Uskayaw
Vehumet
Wu Jian
Xom
Yredelemnul
Zin
The Shining One

Shops:
D:9 =

Annotations:
D:4 exclusions: ice beast and orc warrior
D:11 Urug


Message History

You see here a scroll of vulnerability.
Found a stone staircase leading down.
There is a stone staircase leading down here.
Urug the Orcish Ballista comes into view.
She is wielding a +1 double sword of holy wrath.
Urug is nearby!
Press: ? - help, v - describe, . - travel
Here: Urug, wielding a +1 double sword of holy wrath, wearing a +0 scale mail and quivering javelins The floor.
Press: ? - help, v - describe, . - travel
Here: Urug, wielding a +1 double sword of holy wrath, wearing a +0 scale mail and quivering javelins The floor.
You fade into invisibility!
Urug throws a javelin.
The javelin pierces through you.
Urug throws a javelin.
The javelin closely misses you.
Urug throws a javelin.
The javelin closely misses you.
You catch the helpless Urug completely off-guard!
You puncture Urug! You burn Urug.
Urug is lightly wounded.
You barely miss Urug.
Urug is lightly wounded.
Urug hits you with a +1 double sword of holy wrath!!
You puncture Urug! You burn Urug.
Urug is moderately wounded.
Urug hits you with a +1 double sword of holy wrath!
You closely miss Urug.
Urug is moderately wounded.
Urug hits you with a +1 double sword of holy wrath!
You catch the helpless Urug completely off-guard!
You puncture Urug! You burn Urug.
Urug is heavily wounded.
Urug hits you with a +1 double sword of holy wrath!!
* * * LOW HITPOINT WARNING * * *
You closely miss Urug.
Urug is heavily wounded.
Urug hits you with a +1 double sword of holy wrath!
* * * LOW HITPOINT WARNING * * *
You impale Urug!! You burn Urug!
Urug is severely wounded.
Urug hits you with a +1 double sword of holy wrath!!
You die...

#.####..#.#.#.#
.#######...#.#.#.#
#...≈...#....#.#.#
..#...#......#.#.#
.##.P.##...#.#.#.#
...PPP...#.#.....########
≈.PP>P..≈#.#...#.........
..PPPP...#.#...#########.
.##P..##...#....@o..#
..#...# ...#..#####.#
#...≈... .....
.#######.....# #.# ##...
.# ..... # #.###


You could see Urug (unable to see you).

Vanquished Creatures
  Psyche (D:9)
  3 shadows
  28 yaks
  A wyvern (D:10)
  An acid dragon (D:10)
  2 water moccasins
  2 ice beasts
  4 orc warriors
  A sky beast (D:7)
  A black bear (D:7)
  A centaur (D:7)
  An ogre (D:5)
  2 kobold brigands (D:8)
  2 phantoms
  5 bullfrogs
  4 necrophages
  3 scorpions
  3 wights (D:6)
  A gnoll sergeant (D:8)
  2 troll zombies (D:10)
  19 killer bees
  5 howler monkeys
  A jelly (D:4)
  3 hounds
  6 orc priests
  A gnoll bouda (D:5)
  4 iguanas
  16 orc wizards
  4 ogre zombies (D:10)
  12 gnolls
  9 adders
  A white imp (D:7)
  2 ufetubi (D:6)
  4 worms
  A dart slug (D:1)
  38 orcs
  6 ball pythons
  6 endoplasms
  2 giant cockroaches
  8 hobgoblins
  10 jackals
  17 kobolds
  3 quokkas
  5 bats
  2 frilled lizards
  7 goblins
  4 goblin zombies (D:10)
  A hobgoblin skeleton (D:10)
  2 hobgoblin zombies (D:10)
  4 orc skeletons (D:10)
  8 orc zombies (D:10)
  A rat (D:2)
280 creatures vanquished.

Notes
Turn   | Place    | Note
-------+----------+-------------------------------------------
     0 | D:1      | cdecastro the Hill Orc Fighter began the quest for the Orb.
     0 | D:1      | Reached XP level 1. HP: 19/19 MP: 1/1
    73 | D:1      | Reached skill level 3 in Axes
   146 | D:1      | Reached XP level 2. HP: 15/27 MP: 2/2
   533 | D:1      | Reached skill level 4 in Axes
   692 | D:1      | Reached XP level 3. HP: 33/33 MP: 3/3
  1299 | D:2      | Found a shimmering altar of Xom.
  1351 | D:2      | HP: 1/34 [adder (1)]
  1360 | D:2      | Reached XP level 4. HP: 9/41 MP: 4/4
  1512 | D:2      | Reached skill level 5 in Axes
  2287 | D:3      | Found a faded altar of an unknown god.
  2780 | D:3      | Reached XP level 5. HP: 30/47 MP: 5/5
  2943 | D:4      | Reached skill level 6 in Axes
  3034 | D:4      | Reached skill level 5 in Fighting
  3036 | D:4      | Noticed an orc warrior
  3158 | D:4      | Noticed an ice beast
  3263 | D:5      | Entered Level 5 of the Dungeon
  3477 | D:5      | Reached skill level 7 in Axes
  3477 | D:5      | Reached XP level 6. HP: 28/56 MP: 6/6
  3724 | D:4      | Reached skill level 8 in Axes
  3774 | D:5      | Noticed an ice beast
  3783 | D:5      | Reached XP level 7. HP: 61/61 MP: 7/7
  3933 | D:5      | Reached skill level 9 in Axes
  4108 | D:5      | Reached skill level 10 in Axes
  4753 | D:5      | Found an iron altar of Okawaru.
  4824 | D:5      | Reached skill level 11 in Axes
  4824 | D:5      | Reached XP level 8. HP: 13/68 MP: 8/8
  5256 | D:5      | Found a radiant altar of Vehumet.
  5258 | D:5      | Found a blossoming altar of Fedhas.
  5267 | D:5      | Found a burning altar of Makhleb.
  5268 | D:5      | Found an opulent altar of Gozag.
  5271 | D:5      | Found a hide-covered altar of Uskayaw.
  5272 | D:5      | Found a shimmering blue altar of Sif Muna.
  5280 | D:5      | Became a worshipper of Makhleb the Destroyer
  5287 | D:5      | Found a basalt altar of Yredelemnul.
  5288 | D:5      | Found a stormy altar of Qazlal.
  5812 | D:6      | Reached skill level 12 in Axes
  6151 | D:6      | Found a staircase to the Ecumenical Temple.
  6177 | Temple   | Entered the Ecumenical Temple
  7141 | D:7      | Reached XP level 9. HP: 47/82 MP: 9/9
  7399 | D:7      | Found a glowing golden altar of the Shining One.
  7670 | D:7      | Reached skill level 10 in Fighting
  7683 | D:7      | Reached * piety under Makhleb
  8071 | D:7      | Found a white marble altar of Elyvilon.
  8682 | D:8      | Found a snail-covered altar of Cheibriados.
  8783 | D:8      | Reached skill level 13 in Axes
  8935 | D:8      | Found a flagged portal.
  8969 | D:8      | HP: 4/85 [killer bee (6)]
  9513 | D:8      | Reached skill level 14 in Axes
  9523 | D:8      | Identified the +5 trident of Vece {flame, rElec rF+ Int+5
                  | Dex+3}
  9683 | D:8      | Reached ** piety under Makhleb
  9712 | D:8      | Reached XP level 10. HP: 82/93 MP: 10/10
  9718 | D:8      | Reached skill level 15 in Axes
 10389 | D:8      | Reached skill level 5 in Invocations
 10930 | D:9      | Found Acyupt's Jewellery Emporium.
 11116 | D:9      | Noticed Psyche
 11399 | D:10     | Entered Level 10 of the Dungeon
 11434 | D:9      | Reached skill level 10 in Invocations
 11799 | D:9      | Reached skill level 5 in Armour
 12012 | D:9      | Reached XP level 11. HP: 95/101 MP: 18/18
 12535 | D:9      | Reached *** piety under Makhleb
 12890 | D:9      | Killed Psyche
 14145 | D:10     | Found a staircase to the Orcish Mines.
 14700 | D:10     | Reached **** piety under Makhleb
 14900 | D:11     | Found a staircase to the Lair.
 14937 | D:11     | Noticed Urug
 14947 | D:11     | Slain by Urug

Illustrated notes

Levels and vault maps discovered:
D:1:      evilmike_arrival_fibonacci_small, layout_basic
D:2:      layout_basic, basic_altar
D:3:      layout_rooms, shapermc_ecumenical_altar_totnotflames, hex_large,
          hangedman_abyss_or_decor_lesser_grid, grunt_ministairs_7
D:4:      layout_basic, minmay_crossroads
D:5:      layout_cave_pools, nicolae_overflow_hallway_of_the_gods,
          okawaru_trees_2, serial_bayou_pond_b, kennysheep_generic_room_14
D:6:      layout_loops_ring, minmay_temple_entry_trees
D:7:      layout_loops_ring, tso_altar, overflow_temple_1_default,
          palyth_stone_intersect
D:8:      layout_loops_ring, mainiacjoe_overflow_chevrons, enter_bailey_5,
          nrook_mini_backslash, amcnicky_mini_pool_small
D:9:      layout_roguey, serial_shops, nicolae_shop_trees, uniq_psyche
D:10:     layout_gridville, zombieorc1_lemuel, st_stairs_1, grunt_ministairs_1,
          nicolae_water_bricks
D:11:     layout_basic, dpeg_oklobed_lair, uniq_fannar, uniq_urug
Temple:   nicolae_temple_bog_church

Skill      XL: |  1  2  3  4  5  6  7  8  9 10 11 |
---------------+----------------------------------+-----
Axes           | 3 4 5 7 8 11 12 14 15 | 15.0
Fighting       | 4 5 8 10 13 | 13.1
Invocations    | 10 | 10.0
Armour         | 5 |  5.0
Shields        | |  3.2

Action                   |  1- 3 |  4- 6 |  7- 9 | 10-12 || total
-------------------------+-------+-------+-------+-------++-------
Melee: War axe           |   132 |   144 |    72 |       ||   348
       Punch             |     3 |     1 |     9 |     5 ||    18
       Whip              |       |     4 |   402 |       ||   406
       Trident           |       |       |    23 |   378 ||   401
       Unarmed           |       |       |       |     1 ||     1
Invok: Minor Destruction |       |       |       |     2 ||     2
  Use: Potion            |     2 |       |     2 |     1 ||     5
       Scroll            |       |       |       |    19 ||    19
 Stab: Invisible         |       |       |       |     2 ||     2
Armor: Scale mail        |    77 |    64 |   167 |   106 ||   414
Dodge: Dodged            |    73 |    85 |   180 |   195 ||   533
